 Dungeon Crawl Stone Soup version 0.23.0-2-g0fe3ce5905 (webtiles) character file.

Game seed: 12469306179519295970

11 Amplified the Magician (level 2, -1/19 HPs)
             Began as a Mummy Venom Mage on Feb 19, 2019.
             Slain by an ooze (4 damage)
             ... on level 1 of the Dungeon.
             The game lasted 00:02:00 (383 turns).

Amplified the Magician (Mummy Venom Mage)            Turns: 383, Time: 00:02:01

Health: -1/19      AC:  2    Str: 11    XL:     2   Next: 13%
Magic:  4/6        EV: 11    Int: 14    God:
Gold:   19         SH:  3    Dex: 12    Spells: 6/7 levels left

rFire    . . .     SeeInvis .   (no weapon)
rCold    + . .     Gourm    .   b - +0 buckler
rNeg     + + +     Faith    .   a - +0 robe
rPois    ∞         Spirit   .   (no helmet)
rElec    .         Reflect  .   (no cloak)
rCorr    .         Harm     .   (no gloves)
MR       .....                  (no boots)
Stlth    ++........             (no amulet)
HPRegen  0.06/turn              c - ring of protection from fire
MPRegen  0.10/turn              (no ring)

@: very slightly contaminated
A: no food or potions, fire vulnerability, cold resistance 1, negative energy
resistance 3, torment resistance, unbreathing
a: no special abilities


You were on level 1 of the Dungeon.
You were not hungry.

You visited 1 branch of the dungeon, and saw 1 of its levels.

You collected 19 gold pieces.

Inventory:

Armour
 a - a +0 robe (worn)
 b - a +0 buckler (worn)
Jewellery
 c - a ring of protection from fire (left hand)


   Skills:
 - Level 1.5 Dodging
 - Level 1.5 Stealth
 * Level 0.5 Shields
 * Level 3.2 Spellcasting
 - Level 0.7 Conjurations
 + Level 2.5 Poison Magic


You had 6 spell levels left.
You knew the following spells:

 Your Spells              Type           Power        Failure   Level  Hunger
a - Sting                 Conj/Pois      #...         17%         1    N/A

Your spell library contained the following spells:

 Spells                   Type           Power        Failure   Level  Hunger
 Poisonous Vapours        Pois/Air       #.....       28%         2    N/A
 Mephitic Cloud           Conj/Pois/Air  #.......     54%         3    N/A
 Olgreb's Toxic Radiance  Pois           #.......     75%         4    N/A
 Venom Bolt               Conj/Pois      #.........   99%         5    N/A

Dungeon Overview and Level Annotations

Branches:
Dungeon (1/15)

Altars:


Innate Abilities, Weirdness & Mutations

You do not eat or drink.
Your flesh is vulnerable to fire.
You are immune to poison.
Your flesh is cold resistant. (rC+)
You are immune to negative energy. (rN+++)
You are immune to unholy pain and torment.
You can survive without breathing.


Message History

The ooze hits you.
Casting: Sting (safe; 17% risk of failure)
Confirm with . or Enter, or press ? or * to list all spells.
Aiming: Sting (safe; 17% risk of failure)
Press: ? - help, Shift-Dir - straight line, f/p - ooze
Aim: an ooze (moderately wounded)
You miscast Sting.
You are very lightly contaminated with residual magic.
Nothing appears to happen.
The ooze hits you.
Casting: Sting (safe; 17% risk of failure)
Confirm with . or Enter, or press ? or * to list all spells.
Aiming: Sting (safe; 17% risk of failure)
Press: ? - help, Shift-Dir - straight line, f/p - ooze
Aim: an ooze (moderately wounded)
The sting hits the ooze.
The ooze is moderately wounded.
The ooze hits you.
* * * LOW HITPOINT WARNING * * *
The ooze hits you.
You die...

#....P...).P.....#######...#####
#PP♣..........♣..###...........##
#P♣.P...<...P♣....)...)...)......
#................##............##
#....P.....P.♣...##.####...#####
#♣.....P.P.....♣.##.# #...#
#....♣......P...###†# #...#
##.......P....P####.# #...#
###♣...PP..♣♣..J@...# ##.##
..............####### #.#
####!........># ####.#.########
.......# ####.### .....# ######


You could see an ooze.

Vanquished Creatures
  5 goblins (D:1)
  2 hobgoblins (D:1)
  A kobold (D:1)
8 creatures vanquished.

Notes
Turn   | Place    | Note
-------+----------+-------------------------------------------
     0 | D:1      | Amplified the Mummy Venom Mage began the quest for the Orb.
     0 | D:1      | Reached XP level 1. HP: 13/13 MP: 4/4
   122 | D:1      | Reached skill level 3 in Spellcasting
   168 | D:1      | Reached XP level 2. HP: 19/19 MP: 1/6
   383 | D:1      | Slain by an ooze

Skill      XL: |  1 |
---------------+----+-----
Spellcasting   | 3 |  3.2
Dodging        | |  1.5
Stealth        | |  1.5
Shields        | |  0.5
Conjurations   | |  0.7
Poison Magic   | |  2.5

Action                   || total
-------------------------++-------
Melee: Unarmed           ||     7
 Cast: Sting             ||    22
Armor: Robe              ||     2
Dodge: Dodged            ||    12
Block: Buckler           ||     3
